 Dungeon Crawl Stone Soup version 0.27-a0-965-gbf8bb431c4 (webtiles) character file.

Game seed: 4899817259180837951

18676 wakim the Cleaver (level 12, 0/108 HPs)
             Began as a Minotaur Fighter on Apr 12, 2021.
             Was a High Priest of Zin.
             Slain by an 11-headed hydra (3 damage)
             ... on level 2 of the Lair of Beasts.
             The game lasted 00:53:25 (16373 turns).

wakim the Cleaver (Minotaur Fighter)               Turns: 16373, Time: 00:53:26

Health: 0/108      AC: 24    Str: 25    XL:     12   Next: 29%
Magic:  17/17      EV:  7    Int:  5    God:    Zin [*****.]
Gold:   766        SH: 11    Dex: 11    Spells: 11/11 levels left

rFire    . . .     SeeInvis .   a - +0 broad axe (protect)
rCold    . . .     Faith    .   c - +0 kite shield
rNeg     . . .     Spirit   .   q - +0 plate armour
rPois    .         Reflect  .   (helmet restricted)
rElec    .         Harm     .   g - +0 cloak
rCorr    .         Rampage  .   f - +0 pair of gloves
Will     ++...                  (no boots)
Stlth    ..........             p - amulet of regeneration
HPRegen  1.28/turn              v - ring of willpower
MPRegen  0.15/turn              u - ring of willpower

@: under a protective aura
A: horns 2, retaliatory headbutt
a: Renounce Religion, Recite, Vitalisation, Imprison, Sanctuary, Donate Gold


You were on level 2 of the Lair of Beasts.
You worshipped Zin.
Zin was extremely pleased with you.
You visited 3 branches of the dungeon, and saw 13 of its levels.

You collected 851 gold pieces.
You donated 85 gold pieces to Zin.

Inventory:

Hand Weapons
 a - a +0 broad axe of protection (weapon)
 b - a +2 vorpal war axe
 d - a +2 war axe of flaming
Missiles
 l - 94 poisoned darts (quivered)
 n - 12 javelins
 C - a curare-tipped dart {=f}
 F - 5 boomerangs
Armour
 c - a +0 kite shield (worn)
 f - a +0 pair of gloves (worn)
 g - a +0 cloak (worn)
 q - a +0 plate armour (worn)
Jewellery
 e - a +4 ring of evasion
 h - a ring of resist corrosion
 k - a ring of positive energy
 m - the ring "Ydigoucw" {Str+6 Int+3}
   (You acquired it on level 6 of the Dungeon)

   [ring of strength]

   It affects your strength (+6).
   It affects your intelligence (+3).
 o - an amulet of reflection
 p - an amulet of regeneration (around neck)
 u - a ring of willpower (right hand)
 v - a ring of willpower (left hand)
 w - an amulet of guardian spirit
Wands
 t - a wand of digging (9)
Scrolls
 r - a scroll of identify
 R - 3 scrolls of magic mapping {!r}
 T - 3 scrolls of teleportation
 X - a scroll of fog
Potions
 i - 4 potions of curing
 B - a potion of attraction {!q}
 D - 3 potions of brilliance
 E - 3 potions of cancellation
 G - 4 potions of flight
 H - a potion of haste
 J - 3 potions of heal wounds
 K - a potion of magic
 N - 2 potions of might


   Skills:
 + Level 10.6 Fighting
 - Level 12.0 Axes
 - Level 8.0 Throwing
 + Level 10.7 Armour
 - Level 4.0 Dodging
 + Level 8.3 Shields
 - Level 8.0 Invocations


You had 11 spell levels left.
You didn't know any spells.
Your spell library contained the following spells:

 Spells                   Type           Power      Damage    Failure   Level
 Beastly Appendage        Tmut           0%         N/A       100%        1
 Magic Dart               Conj           0%         1d3       100%        1
 Searing Ray              Conj           0%         3d3       100%        2
 Wereblood                Tmut           0%         N/A       100%        2
 Confusing Touch          Hex            0%         N/A       100%        3
 Dazzling Flash           Conj/Hex       0%         N/A       100%        3
 Gell's Gravitas          Tloc           0%         N/A       100%        3
 Spider Form              Tmut/Pois      0%         N/A       100%        3
 Fulminant Prism          Conj/Hex       0%         3d6       100%        4
 Ice Form                 Ice/Tmut       0%         N/A       100%        4
 Iskenderun's Mystic Bla  Conj/Tloc      0%         2d3       100%        4
 Petrify                  Tmut/Erth      0%         N/A       100%        4
 Hydra Form               Tmut           0%         N/A       100%        5
 Metabolic Englaciation   Hex/Ice        0%         N/A       100%        5
 Yara's Violent Unravell  Hex/Tmut       0%         3d3       100%        5


Dungeon Overview and Level Annotations

Branches:
Dungeon (10/15)            Temple (1/1) D:4            Lair (2/6) D:9
    Orc (0/2) D:10
  Swamp: Lair:2-4    Shoals: Lair:2-4     Snake: Lair:2-4    Spider: Lair:2-4

Altars:
Ashenzari
Cheibriados
Dithmenos
Elyvilon
Fedhas
Gozag
Hepliaklqana
Kikubaaqudgha
Makhleb
Nemelex Xobeh
Okawaru
Qazlal
Ru
Sif Muna
Trog
Uskayaw
Vehumet
Wu Jian
Xom
Yredelemnul
Zin
The Shining One

Shops:
D:3 [   D:10 !


Innate Abilities, Weirdness & Mutations

You have a pair of horns on your head.
You reflexively headbutt those who attack you in melee.


Message History

The 11-headed hydra barely misses you. You block the 11-headed hydra's attack.
The 11-headed hydra bites you but does no damage. x3
You block the 11-headed hydra's attack.
The 11-headed hydra bites you but does no damage.
The 11-headed hydra bites you!
The 11-headed hydra bites you but does no damage. x3
The 11-headed hydra bites you.
The 11-headed hydra bites you but does no damage.
The 11-headed hydra closely misses you. The 11-headed hydra bites you. x2
* * * LOW HITPOINT WARNING * * *
The 11-headed hydra bites you but does no damage. x4
Throw: dart (atropa)
Press: ? - help, Q - select action, (/) - cycle Shift-Dir - straight line, f/p - 11-headed hydra
Aim: an 11-headed hydra (heavily wounded, 82% to hit, chance to blind on hit: 3%)
You throw an atropa-tipped dart.
The atropa-tipped dart barely misses the 11-headed hydra.
You block the 11-headed hydra's attack. x2; The 11-headed hydra bites you.
* * * LOW HITPOINT WARNING * * *
The 11-headed hydra bites you!
* * * LOW HITPOINT WARNING * * *
The 11-headed hydra closely misses you. The 11-headed hydra bites you.
* * * LOW HITPOINT WARNING * * *
The 11-headed hydra bites you but does no damage.
The 11-headed hydra bites you!
* * * LOW HITPOINT WARNING * * *
The 11-headed hydra bites you but does no damage. x2
The 11-headed hydra bites you!
* * * LOW HITPOINT WARNING * * *
You block the 11-headed hydra's attack. The 11-headed hydra bites you.
* * * LOW HITPOINT WARNING * * *
The 11-headed hydra bites you.
* * * LOW HITPOINT WARNING * * *
You block the 11-headed hydra's attack.
The 11-headed hydra bites you but does no damage.
The 11-headed hydra bites you!
* * * LOW HITPOINT WARNING * * *
The 11-headed hydra closely misses you.
The 11-headed hydra bites you but does no damage. x3
The 11-headed hydra bites you.
You die...

......#..#
#..#..#..###
###.#..##...
...........##
.......#...# .
#....#...### ...
#P.....$.#.#...#
##...(..........
###.#(..(D@....P#
#.<.###......#...#
#.......##....## .
#.....⌠.......###
#...#.......##.#
#...#######...###
.... #....# ...
##...# .. ....


You could see a 11-headed hydra.

Vanquished Creatures
  The ghost of wakim the Tainter, a journeyman NaVM of Cheibriados (D:10)
  3 two-headed ogres
  The ghost of Capylives the Cudgeller, a novice TrGl of Yredelemnul (D:6)
  A deep elf pyromancer (D:7)
  Maurice (D:8)
  4 elephants (D:9)
  Joseph (D:8)
  A black mamba (Lair:1)
  3 cane toads
  Maggie (Lair:1)
  2 komodo dragons (Lair:1)
  A kobold demonologist (D:10)
  A troll (D:9)
  3 hornets
  8 blink frogs (Lair:1)
  A wraith (D:8)
  11 yaks
  A wyvern (D:9)
  5 steam dragons
  4 water moccasins
  7 orc warriors
  4 ice beasts
  2 black bears
  An ogre (D:5)
  10 wolves
  6 centaurs
  3 kobold brigands
  A gnoll sergeant (D:10)
  3 bullfrogs
  2 scorpions
  3 wyvern zombies
  A water moccasin zombie (D:6)
  A wyvern skeleton (D:7)
  12 killer bees
  4 howler monkeys (D:9)
  11 wights
  4 quasits (D:6)
  A gnoll shaman (D:8)
  3 centaur zombies
  2 bullfrog skeletons (D:5)
  5 hounds
  A jelly (D:8)
  4 orc priests
  A centaur skeleton (D:6)
  Ijyb (D:4)
  2 iguanas
  11 orc wizards
  A hound zombie (D:5)
  2 hound skeletons (D:4)
  A howler monkey zombie (D:9)
  7 gnolls
  7 adders
  2 shadow imps
  A worm (D:2)
  4 dart slugs
  26 orcs
  7 endoplasms
  2 giant cockroaches
  5 hobgoblins
  8 jackals
  12 kobolds
  2 quokkas
  7 ball pythons
  5 bats
  4 frilled lizards
  8 goblins
  10 rats
281 creatures vanquished.

Vanquished Creatures (others)
  A centaur zombie (D:8)
  A gnoll (D:8)
  4 fungi (Lair:1)
  69 plants
75 creatures vanquished.

Grand Total: 356 creatures vanquished

Notes
Turn   | Place    | Note
-------+----------+-------------------------------------------
     0 | D:1      | wakim the Minotaur Fighter began the quest for the Orb.
     0 | D:1      | Reached XP level 1. HP: 19/19 MP: 0/0
   163 | D:1      | Reached skill level 3 in Axes
   163 | D:1      | Reached XP level 2. HP: 18/27 MP: 1/1
   272 | D:1      | Found a faded altar of an unknown god.
   278 | D:1      | Became a worshipper of Zin the Law-Giver
   278 | D:1      | Reached * piety under Zin
   454 | D:1      | Reached XP level 3. HP: 32/33 MP: 2/2
  1009 | D:2      | Reached XP level 4. HP: 32/40 MP: 3/3
  1205 | D:2      | Reached ** piety under Zin
  1397 | D:3      | Found an opulent altar of Gozag.
  1616 | D:3      | Found Empitafu's Armour Shoppe.
  1990 | D:3      | Reached skill level 4 in Axes
  2288 | D:4      | Reached XP level 5. HP: 43/46 MP: 4/4
  2343 | D:4      | Noticed a black bear
  2358 | D:4      | Killed a black bear
  2359 | D:4      | Reached skill level 5 in Armour
  2359 | D:4      | Reached skill level 1 in Invocations
  2487 | D:4      | Identified the +11 flail "Quownyo" {drain, rElec}
  2668 | D:4      | Reached skill level 1 in Throwing
  2668 | D:4      | Reached XP level 6. HP: 49/53 MP: 6/6
  2735 | D:4      | Found a staircase to the Ecumenical Temple.
  2751 | Temple   | Entered the Ecumenical Temple
  2888 | D:4      | Reached *** piety under Zin
  3112 | D:4      | Noticed Ijyb
  3119 | D:4      | Killed Ijyb
  3690 | D:5      | Entered Level 5 of the Dungeon
  3695 | D:5      | Reached skill level 5 in Axes
  3863 | D:5      | Noticed an ice beast
  3879 | D:5      | Killed an ice beast
  3880 | D:5      | Reached XP level 7. HP: 46/60 MP: 7/7
  4175 | D:5      | Reached skill level 5 in Fighting
  4175 | D:5      | Reached skill level 5 in Shields
  4272 | D:5      | Reached **** piety under Zin
  4781 | D:6      | Reached XP level 8. HP: 68/68 MP: 9/9
  4781 | D:6      | Identified a scroll of acquirement
  4781 | D:6      | Acquired the ring "Ydigoucw" {Str+6 Int+3}
  4806 | D:6      | Identified the +1 ring mail "Aduph" {rPois Int+3}
  4857 | D:6      | Reached ***** piety under Zin
  4860 | D:6      | Found an ancient bone altar of Kikubaaqudgha.
  4877 | D:6      | Found a radiant altar of Vehumet.
  4882 | D:6      | Found a shimmering blue altar of Sif Muna.
  4890 | D:6      | Reached skill level 6 in Axes
  4891 | D:6      | Identified Vehumet's Disquisition on Arcane Weapons
  5225 | D:6      | Found a transporter.
  5232 | D:6      | Noticed Capylives's ghost (novice TrGl)
  5363 | D:6      | Found a transporter.
  5906 | D:7      | Noticed a deep elf pyromancer
  5914 | D:7      | Killed a deep elf pyromancer
  5915 | D:7      | Reached skill level 5 in Invocations
  6044 | D:7      | Reached XP level 9. HP: 66/75 MP: 11/11
  7147 | D:8      | Noticed Maurice
  7233 | D:8      | Reached skill level 5 in Throwing
  7304 | D:8      | Reached skill level 7 in Axes
  7309 | D:8      | Paralysed by a hornet for 2 turns
  8239 | D:8      | Reached skill level 8 in Axes
  8239 | D:8      | Reached XP level 10. HP: 28/86 MP: 13/13
  8747 | D:8      | Paralysed by a hornet for 3 turns
  9236 | D:8      | Noticed Joseph
  9460 | D:8      | Killed Maurice
  9475 | D:8      | Killed Joseph
  9851 | D:9      | Found a burning altar of Makhleb.
  9851 | D:9      | Found a stormy altar of Qazlal.
  9851 | D:9      | Found a white marble altar of Elyvilon.
 10268 | D:9      | Noticed an elephant
 10283 | D:9      | Found a sacrificial altar of Ru.
 10301 | D:9      | Reached skill level 1 in Dodging
 10313 | D:9      | Noticed an elephant
 10331 | D:9      | Killed an elephant
 10332 | D:9      | Reached skill level 9 in Axes
 10533 | D:9      | Found a staircase to the Lair.
 10569 | D:9      | Noticed a two-headed ogre
 10585 | D:9      | Killed a two-headed ogre
 10594 | D:9      | Found a sacrificial altar of Ru.
 10760 | D:9      | Noticed an elephant
 10791 | D:9      | Killed an elephant
 10792 | D:9      | Reached XP level 11. HP: 91/95 MP: 15/15
 11580 | D:9      | Found a blossoming altar of Fedhas.
 11586 | D:9      | Found a hide-covered altar of Uskayaw.
 11593 | D:9      | Found an iron altar of Okawaru.
 12254 | D:9      | Found a shimmering altar of Xom.
 12577 | D:10     | Entered Level 10 of the Dungeon
 12654 | D:10     | Found a runed translucent door.
 12660 | D:10     | Noticed wakim's ghost (journeyman NaVM)
 12882 | D:6      | Killed Capylives's ghost
 12883 | D:6      | Reached skill level 10 in Axes
 12965 | D:10     | Found Roes's Distillery.
 13537 | D:10     | Noticed a two-headed ogre
 13574 | D:10     | Killed a two-headed ogre
 13922 | D:10     | Found a staircase to the Orcish Mines.
 13984 | D:10     | Noticed a two-headed ogre
 14009 | D:10     | Killed a two-headed ogre
 14414 | D:10     | Killed wakim's ghost
 14548 | D:10     | Found a shadowy altar of Dithmenos.
 14610 | Lair:1   | Entered Level 1 of the Lair of Beasts
 14670 | Lair:1   | Reached skill level 11 in Axes
 14687 | Lair:1   | Reached skill level 10 in Fighting
 14687 | Lair:1   | Reached skill level 10 in Armour
 15038 | D:9      | Reached XP level 12. HP: 106/106 MP: 17/17
 15208 | Lair:1   | Noticed Maggie
 15424 | Lair:1   | Killed Maggie
 15817 | Lair:1   | Reached skill level 12 in Axes
 16354 | Lair:2   | Noticed a five-headed hydra
 16373 | Lair:2   | HP: 3/108 [11-headed hydra (9)]
 16373 | Lair:2   | Slain by an 11-headed hydra

Illustrated notes

Levels and vault maps discovered:
D:1:      tarquinn_simple_flora_water_b, layout_basic,
          ebering_ecumenical_altar_sacrificial, minivault_24,
          due_unseen_surprise
D:2:      layout_rooms
D:3:      layout_basic, lemuel_crystal_altar, serial_shops,
          nicolae_shop_statue_plus, serial_bayou_pond_c
D:4:      layout_basic, minmay_temple_entry_large_hall, uniq_ijyb
D:5:      layout_cave_pools
D:6:      layout_layer_cave, grunt_temple_overflow_magic_moments,
          gammafunk_ghost_stat_death, kennysheep_generic_room_4
D:7:      layout_loops_corners
D:8:      minmay_imperfect_grid, layout_basic, amcnicky_mini_corridor_feature,
          uniq_joseph, uniq_maurice
D:9:      wad_woods_stonehenge, layout_stronghold, kennysheep_mini,
          kennysheep_mini_moat, gammafunk_temple_overflow_forgotten, minitemple,
          lair_entry_dummy
D:10:     kennysheep_spiral_hall, layout_rooms, kennysheep_little_box,
          orc_0_dummy, serial_shops, shop_statue, ebering_ghost_reflecting_pool,
          minivault_27
Temple:   nicolae_temple_figure_zero
Lair:1:   layout_small_grid, uniq_maggie
Lair:2:   layout_layer_cave, skrybe_swamp_entry_bodies,
          ebering_ghost_rock_garden, bobbens_dragon_lair_wall,
          grunt_megastairs_5, uniq_nergalle

Skill      XL: |  1  2  3  4  5  6  7  8  9 10 11 12 |
---------------+-------------------------------------+-----
Axes           | 3 4 5 6 8 9 11 12 | 12.0
Armour         | 4 5 6 8 10 | 10.7
Fighting       | 4 5 6 7 8 10 | 10.6
Shields        | 4 5 6 7 8 |  8.3
Invocations    | 1 2 3 5 6 7 8 |  8.0
Throwing       | 1 2 4 6 8 |  8.0
Dodging        | 3 4 |  4.0

Action                   |  1- 3 |  4- 6 |  7- 9 | 10-12 || total
-------------------------+-------+-------+-------+-------++-------
Melee: War axe           |    78 |   110 |    42 |   256 ||   486
       Headbutt          |    13 |    19 |    44 |   100 ||   176
       Broad axe         |       |       |   107 |   205 ||   312
Throw: Dart              |     9 |    37 |    43 |   132 ||   221
       Boomerang         |       |       |       |     6 ||     6
Invok: Recite            |       |     7 |     9 |    17 ||    33
       Vitalisation      |       |       |     7 |     9 ||    16
  Use: Scroll            |       |     9 |     3 |    10 ||    22
       Potion            |       |       |     3 |       ||     3
 Stab: Invisible         |       |       |     3 |     1 ||     4
       Confused          |       |       |       |     5 ||     5
       Distracted        |       |       |       |     2 ||     2
Armor: Scale mail        |    45 |    43 |       |       ||    88
       Chain mail        |       |     4 |    15 |       ||    19
       Plate armour      |       |       |    77 |   360 ||   437
Dodge: Dodged            |    32 |    51 |    94 |   192 ||   369
Block: Kite shield       |    48 |    64 |   106 |   384 ||   602
       Reflection        |       |       |       |     2 ||     2

Table legend: (Time is in decaauts)
 A = Elapsed time spent in this place.
 B = Non-inter-level travel time spent in this place.
 C = Inter-level travel time spent in this place.
 D = Time resting spent in this place.
 E = Time spent auto-exploring this place.
 F = Levels seen in this place.
 G = Mean time per level.
                   A        B        C        D        E       F      G
               +--------+--------+--------+--------+--------+-----+--------+
         Total |  16667 |  15510 |   1157 |    864 |  11712 |  13 | 1282.1 |
       Dungeon |  15161 |  14026 |   1135 |    864 |  10696 |  10 | 1516.1 |
        Temple |    127 |    122 |      5 |      0 |    100 |   1 |  127.0 |
          Lair |   1377 |   1361 |     16 |      0 |    916 |   2 |  688.5 |
               +--------+--------+--------+--------+--------+-----+--------+

Top non-repeatable levels by time:
     D:8: 2481 daAuts
     D:9: 2442 daAuts
     D:7: 2135 daAuts
    D:10: 1858 daAuts
     D:6: 1472 daAuts
     D:4: 1388 daAuts
  Lair:1: 1351 daAuts
     D:3: 985 daAuts
     D:5: 940 daAuts
     D:2: 748 daAuts
     D:1: 709 daAuts
  Temple: 127 daAuts
  Lair:2: 26 daAuts
